 Dungeon Crawl Stone Soup version 0.25-a0-578-gc91f01c39c (webtiles) character file.

Game seed: 1236492275039739988, levelgen mode: deterministic

18655 Emblim88 the Thaumaturge (level 12, -4/94 HPs)
             Began as a Gnoll Skald on Mar 4, 2020.
             Was an Initiate of Gozag.
             Killed from afar by a deep elf knight (33 damage)
             ... with a shard of ice
             ... on level 13 of the Dungeon.
             The game lasted 00:45:44 (14094 turns).

Emblim88 the Thaumaturge (Gnoll Skald)             Turns: 14094, Time: 00:45:45

Health: -4/94      AC: 15    Str: 22    XL:     12   Next: 60%
Magic:  25/25      EV: 18    Int: 20    God:    Gozag
Gold:   696        SH:  0    Dex: 16    Spells: 3/29 levels left

rFire    . . .     SeeInvis +     - Unarmed
rCold    . . .     Gourm    .   (no shield)
rNeg     + . .     Faith    .   V - +0 leather armour of Wariness {*Corrode rPois MR+ Str+4}
rPois    +         Spirit   .   u - +2 helmet
rElec    .         Reflect  .   D - +2 cloak
rCorr    .         Harm     .   a - +0 pair of gloves
MR       ++...                  o - +2 pair of boots {Stlth+}
Stlth    ++++......             (no amulet)
HPRegen  0.25/turn              B - +5 ring of intelligence
MPRegen  0.19/turn              l - ring "Kyuxuk" {+Inv rPois rN+ MR+ SInv}

@: no status effects
A: distributed training, fangs 1, strong nose
a: Potion Petition, Call Merchant, Bribe Branch, Renounce Religion, Evoke
Invisibility


You were on level 13 of the Dungeon.
You worshipped Gozag.
Gozag was pleased with you.
You were near starving.

You visited 2 branches of the dungeon, and saw 14 of its levels.

You collected 2641 gold pieces.
You spent 1853 gold pieces at shops.
You paid 92 gold pieces to Gozag.

Inventory:

Hand Weapons
 s - a +2 hunting sling of flaming
 v - the +9 dagger of Mastery {venom, rElec MR+ Int+4}
   (You found it on level 4 of the Dungeon)

   It poisons the flesh of those it strikes.
   It affects your intelligence (+4).
   It insulates you from electricity.
   It affects your resistance to hostile enchantments.
Missiles
 t - 505 stones
 z - 22 boomerangs (quivered)
Armour
 a - a +0 pair of gloves (worn)
 o - a +2 pair of boots of stealth (worn)
 u - a +2 helmet (worn)
 D - a +2 cloak (worn)
 O - the +0 leather armour "Cicveach" {rPois Regen+ rCorr Slay-3}
   (You found it on level 10 of the Dungeon)

   It affects your accuracy and damage with ranged weapons and melee attacks
   (-3).
   It protects you from poison.
   It increases your rate of regeneration.
   It provides partial protection from all sources of acid and corrosion.
   If you switch to wearing this armour, your AC will remain unchanged.
 V - the +0 leather armour of Wariness (worn) {*Corrode rPois MR+ Str+4}
   (You found it on level 12 of the Dungeon)

   It affects your strength (+4).
   It protects you from poison.
   It affects your resistance to hostile enchantments.
   It may corrode you when you take damage.
   If you remove this armour, your AC will decrease by 4 (15 -> 11).
Jewellery
 i - an uncursed ring of protection from fire
 l - the ring "Kyuxuk" (right hand) {+Inv rPois rN+ MR+ SInv}
   (You found it on level 8 of the Dungeon)

   [ring of see invisible]

   It protects you from poison.
   It protects you from negative energy.
   It affects your resistance to hostile enchantments.
   It lets you see invisible.
   It lets you turn invisible.
 B - a +5 ring of intelligence (left hand)
 L - an uncursed ring of protection from cold
 P - an uncursed ring of ice
Wands
 h - a wand of enslavement (13)
 m - a wand of polymorph (9)
 q - a wand of paralysis (5)
 G - a wand of flame (30)
 H - a wand of iceblast (10)
 I - a wand of digging (2)
 R - a wand of clouds (9)
Scrolls
 n - 5 scrolls of teleportation
 r - 6 scrolls of remove curse
 w - 2 scrolls of immolation
 C - 3 scrolls of fog
 M - a scroll of summoning
 S - a scroll of magic mapping
 T - a scroll of torment {unknown}
 W - a scroll of blinking {unknown}
Potions
 b - 2 potions of brilliance
 e - a potion of heal wounds
 f - 2 potions of might
 g - 2 potions of flight
 k - a potion of ambrosia {unknown}
 x - a potion of cancellation {unknown}
 A - 2 potions of curing
 E - 2 potions of haste {unknown}
 F - 2 potions of magic {unknown}
 U - a potion of stabbing {unknown}
Miscellaneous
 J - a tin of tremorstones
 Q - a lamp of fire (inert)
Comestibles
 d - 14 rations


   Skills:
 + Level 8.7 Fighting
 + Level 7.3 Short Blades
 + Level 7.3 Long Blades
 + Level 7.3 Axes
 + Level 7.3 Maces & Flails
 + Level 8.7 Polearms
 + Level 7.3 Staves
 + Level 7.3 Slings
 + Level 7.3 Bows
 + Level 7.3 Crossbows
 + Level 7.3 Throwing
 + Level 7.8 Armour
 + Level 8.7 Dodging
 + Level 7.3 Stealth
 + Level 7.3 Shields
 + Level 7.3 Unarmed Combat
 + Level 9.0 Spellcasting
 + Level 6.1 Conjurations
 + Level 6.1 Hexes
 + Level 8.3 Charms
 + Level 6.1 Summonings
 + Level 6.1 Necromancy
 + Level 6.1 Translocations
 + Level 6.1 Transmutations
 + Level 6.1 Fire Magic
 + Level 6.1 Ice Magic
 + Level 6.1 Air Magic
 + Level 6.1 Earth Magic
 + Level 6.1 Poison Magic
 + Level 8.0 Invocations
 + Level 7.3 Evocations


You had 3 spell levels left.
You knew the following spells:

 Your Spells              Type           Power        Failure   Level  Hunger
a - Infusion              Chrm           ####         1%          1    None
b - Shroud of Golubria    Chrm/Tloc      #####.       1%          2    None
c - Song of Slaying       Chrm           #####...     1%          2    None
d - Ozocubu's Armour      Chrm/Ice       #####...     1%          3    None
e - Spectral Weapon       Hex/Chrm       #####...     1%          3    None
f - Stone Arrow           Conj/Erth      ####..       1%          3    None
g - Cause Fear            Hex            ####......   7%          4    ###....
h - Passwall              Tmut/Erth      ####....     1%          2    None
i - Summon Lightning Spi  Summ/Air       ####....     7%          4    ###....
j - Poisonous Vapours     Pois/Air       ####..       1%          2    None

Your spell library contained the following spells:

 Spells                   Type           Power        Failure   Level  Hunger
 Sandblast                Erth           ####..       1%          1    None
 Summon Small Mammal      Summ           ####         1%          1    None
 Call Imp                 Summ           ####....     1%          2    None
 Call Canine Familiar     Summ           ####....     1%          3    None
 Confusing Touch          Hex            ####....     1%          3    None
 Conjure Flame            Conj/Fire      ####....     1%          3    None
 Gell's Gravitas          Tloc           ####......   1%          3    None
 Mephitic Cloud           Conj/Pois/Air  ####....     1%          3    None
 Summon Guardian Golem    Hex/Summ       ####....     1%          3    None
 Petrify                  Tmut/Erth      ####....     7%          4    ###....
 Summon Ice Beast         Ice/Summ       ####....     7%          4    ###....
 Lee's Rapid Deconstruct  Erth           ####......   19%         5    #####..
 Metabolic Englaciation   Hex/Ice        ####......   19%         5    #####..
 Silence                  Hex/Air        ####......   19%         5    #####..
 Yara's Violent Unravell  Hex/Tmut       ####......   19%         5    #####..
 Deflect Missiles         Chrm/Air       #####.....   56%         6    ######.
 Freezing Cloud           Conj/Ice/Air   ####......   71%         6    ######.
 Ring of Flames           Chrm/Fire      #####.....   98%         7    #######
 Discord                  Hex            ####......   100%        8    #######


Dungeon Overview and Level Annotations

Branches:
Dungeon (13/15)            Temple (1/1) D:6            Lair (0/6) D:9
    Orc (0/2) D:12
 Vaults: D:13-14

Altars:
Ashenzari
Cheibriados
Dithmenos
Elyvilon
Fedhas
Gozag
Hepliaklqana
Kikubaaqudgha
Makhleb
Nemelex Xobeh
Okawaru
Qazlal
Ru
Sif Muna
Trog
Uskayaw
Vehumet
Wu Jian
Xom
Yredelemnul
Zin
The Shining One

Shops:
D:5 ?*[   D:8 }   D:12 (}%


Innate Abilities, Weirdness & Mutations

Your experience applies equally to all skills.
You have very sharp teeth.
Your uncanny sense of smell can sniff out nearby items.


Message History

The centaur warrior skeleton hits you but does no damage.
The deep elf knight closely misses you.
The centaur warrior skeleton completely misses you.
The hellwing completely misses you.
The hellwing hits you but does no damage.
The deep elf mage gestures wildly while chanting.
The deep elf mage blinks!
The deep elf knight completely misses you.
The deep elf knight hits you with a +0 long sword!
The smoke demon gestures at you. Something smites you!
The hellwing swoops through the air toward you!
The hellwing hits you! The hellwing barely misses you.
The centaur warrior skeleton hits you.
You hit the hellwing but do no damage. You bite the hellwing.
The hellwing is lightly wounded.
The deep elf knight casts a spell at you.
The shard of ice hits you!!
You die...
Your body crumbles into a pile of gold.

..........
#####.#..#.#####
.............. .....e....
###.#..#§### #....3r...r#
#..##.#.Z#.##..# #.#re#.#
.# ...... $ Z##.@##. $ #
...... ∆ .. #.4# .. ∆ ..
.....^#######..####### ...
......###...........##....
....##.............#....
#..###.................
##..#....#.............
#......................
#..#....#..(...<...(.#


You could see a deep elf knight, a hellwing, a deep elf mage, a smoke demon, 2
hell rats and a centaur warrior skeleton.

Vanquished Creatures
  Harold (D:6)
  2 hydras (D:11)
  A centaur warrior (D:12)
  3 two-headed ogres
  An unseen horror (D:10)
  A wizard (D:10)
  A cyclops (D:12)
  An ugly thing (D:11)
  A komodo dragon (D:12)
  A kobold demonologist (D:11)
  4 trolls
  A hornet (D:10)
  5 hippogriffs
  3 wyverns
  14 yaks
  A human (D:10)
  A fire elemental (D:11)
  2 hungry ghosts
  Menkaure (D:4)
  A water moccasin (D:9)
  5 sky beasts
  3 ice beasts
  7 orc warriors
  2 phantoms
  5 centaurs
  A crocodile (D:11)
  6 ogres
  2 big kobolds
  5 bullfrogs
  A wyvern zombie (D:6)
  4 scorpions (D:8)
  19 killer bees
  9 wights
  5 electric eels
  7 howler monkeys
  A quasit (D:11)
  4 crimson imps
  A bullfrog zombie (D:5)
  8 orc priests
  5 hounds
  3 jellies
  Crazy Yiuf (D:7)
  4 iguanas
  A bullfrog skeleton (D:11)
  2 centaur skeletons (D:8)
  Natasha (thrice) (D:2)
  4 worker ants
  10 orc wizards
  A killer bee zombie (D:7)
  8 gnolls
  11 adders
  2 shadow imps
  An adder zombie (D:7)
  2 worms (D:2)
  3 dart slugs (D:1)
  3 leopard geckos
  45 orcs
  A ball python (D:3)
  8 giant cockroaches
  9 goblins
  10 hobgoblins
  4 jackals (D:1)
  3 quokkas
  2 bats
  6 frilled lizards
  16 kobolds
  A leopard gecko zombie (D:5)
  A quokka skeleton (D:7)
  A quokka zombie (D:5)
  5 rats
  A spectral orc (D:4)
318 creatures vanquished.

Vanquished Creatures (collateral kills)
  An orc warrior (D:11)
  An orc wizard (D:11)
  An orc (D:11)
  3 kobolds (D:11)
6 creatures vanquished.

Vanquished Creatures (others)
  A howler monkey (D:8)
  An orc (D:11)
  A spectral weapon (D:11)
3 creatures vanquished.

Grand Total: 327 creatures vanquished

Notes
Turn   | Place    | Note
-------+----------+-------------------------------------------
     0 | D:1      | Emblim88 the Gnoll Skald began the quest for the Orb.
     0 | D:1      | Reached XP level 1. HP: 20/20 MP: 6/6
   235 | D:1      | Reached XP level 2. HP: 26/26 MP: 7/7
   362 | D:1      | Reached XP level 3. HP: 3/31 MP: 9/9
   371 | D:1      | Reached skill level 5 in Spellcasting
   992 | D:2      | Noticed Natasha
  1001 | D:2      | Reached skill level 1 in Invocations
  1008 | D:2      | Killed Natasha
  1008 | D:2      | Reached skill level 1 in Short Blades
  1008 | D:2      | Reached skill level 1 in Long Blades
  1008 | D:2      | Reached skill level 1 in Axes
  1008 | D:2      | Reached skill level 1 in Maces & Flails
  1008 | D:2      | Reached skill level 1 in Staves
  1008 | D:2      | Reached skill level 1 in Slings
  1008 | D:2      | Reached skill level 1 in Bows
  1008 | D:2      | Reached skill level 1 in Crossbows
  1008 | D:2      | Reached skill level 1 in Throwing
  1008 | D:2      | Reached skill level 1 in Stealth
  1008 | D:2      | Reached skill level 1 in Shields
  1008 | D:2      | Reached skill level 1 in Unarmed Combat
  1008 | D:2      | Reached skill level 1 in Evocations
  1008 | D:2      | Reached XP level 4. HP: 18/38 MP: 11/11
  1463 | D:2      | Noticed Natasha
  1480 | D:2      | Killed Natasha
  1480 | D:2      | Reached skill level 1 in Conjurations
  1480 | D:2      | Reached skill level 1 in Hexes
  1480 | D:2      | Reached skill level 1 in Summonings
  1480 | D:2      | Reached skill level 1 in Necromancy
  1480 | D:2      | Reached skill level 1 in Translocations
  1480 | D:2      | Reached skill level 1 in Transmutations
  1480 | D:2      | Reached skill level 1 in Fire Magic
  1480 | D:2      | Reached skill level 1 in Ice Magic
  1480 | D:2      | Reached skill level 1 in Air Magic
  1480 | D:2      | Reached skill level 1 in Earth Magic
  1480 | D:2      | Reached skill level 1 in Poison Magic
  1751 | D:2      | Noticed Natasha
  1757 | D:2      | Killed Natasha
  1757 | D:2      | Reached XP level 5. HP: 33/43 MP: 12/12
  2952 | D:3      | Reached XP level 6. HP: 50/50 MP: 13/13
  2964 | D:3      | Found a shimmering blue altar of Sif Muna.
  2980 | D:3      | Found a white marble altar of Elyvilon.
  3288 | D:4      | Noticed Menkaure
  3298 | D:4      | Killed Menkaure
  3298 | D:4      | Reached skill level 5 in Fighting
  3298 | D:4      | Reached skill level 5 in Polearms
  3298 | D:4      | Reached skill level 5 in Dodging
  3332 | D:4      | Found a basalt altar of Yredelemnul.
  3496 | D:4      | Noticed a hippogriff
  3498 | D:4      | Got an encrusted dagger
  3509 | D:4      | Identified the +9 dagger of Mastery {venom, rElec MR+
                  | Int+4} (You found it on level 4 of the Dungeon)
  3516 | D:4      | Killed a hippogriff
  3516 | D:4      | Reached XP level 7. HP: 25/56 MP: 15/15
  4139 | D:5      | Entered Level 5 of the Dungeon
  4185 | D:5      | Found Ziyliokk's Magic Scroll Shop.
  4193 | D:5      | Bought a scroll of identify for 26 gold pieces
  4219 | D:5      | Found a basalt altar of Yredelemnul.
  4256 | D:5      | Reached XP level 8. HP: 63/63 MP: 16/16
  4266 | D:5      | Found Ozoch's General Store.
  4277 | D:5      | Found a hazy altar of Hepliaklqana.
  4292 | D:5      | Found a blossoming altar of Fedhas.
  4445 | D:5      | Found Dumiw's Armour Boutique.
  4795 | D:6      | Learned a level 2 spell: Shroud of Golubria
  4798 | D:6      | Learned a level 2 spell: Song of Slaying
  4802 | D:6      | Learned a level 3 spell: Ozocubu's Armour
  4806 | D:6      | Learned a level 3 spell: Spectral Weapon
  5001 | D:6      | Found a staircase to the Ecumenical Temple.
  5224 | Temple   | Entered the Ecumenical Temple
  5360 | Temple   | Became a worshipper of Gozag Ym Sagoz the Greedy
  5619 | D:6      | Reached skill level 6 in Spellcasting
  5668 | D:7      | Noticed a two-headed ogre
  5971 | D:7      | Noticed a yak
  5971 | D:7      | Noticed a yak
  5975 | D:7      | Noticed a yak
  5993 | D:7      | Noticed a yak
  6000 | D:7      | Noticed a yak
  6242 | D:7      | Noticed Harold
  6246 | D:7      | Killed a two-headed ogre
  6246 | D:7      | Reached XP level 9. HP: 32/69 MP: 18/18
  6256 | D:7      | HP: 1/69 [Harold/+0 dire flail (20)]
  6788 | D:6      | Reached skill level 5 in Armour
  7229 | D:6      | Reached skill level 5 in Invocations
  7334 | D:6      | Killed Harold
  7334 | D:6      | Reached skill level 7 in Spellcasting
  7334 | D:6      | Reached XP level 10. HP: 32/77 MP: 20/20
  7835 | D:7      | Reached skill level 5 in Short Blades
  7835 | D:7      | Reached skill level 5 in Long Blades
  7835 | D:7      | Reached skill level 5 in Axes
  7835 | D:7      | Reached skill level 5 in Maces & Flails
  7835 | D:7      | Reached skill level 5 in Staves
  7835 | D:7      | Reached skill level 5 in Slings
  7835 | D:7      | Reached skill level 5 in Bows
  7835 | D:7      | Reached skill level 5 in Crossbows
  7835 | D:7      | Reached skill level 5 in Throwing
  7835 | D:7      | Reached skill level 5 in Stealth
  7835 | D:7      | Reached skill level 5 in Shields
  7835 | D:7      | Reached skill level 5 in Unarmed Combat
  7835 | D:7      | Reached skill level 5 in Evocations
  7967 | D:7      | Found a runed translucent door.
  7968 | D:7      | Noticed Crazy Yiuf
  7974 | D:7      | Killed Crazy Yiuf
  8184 | D:5      | Bought a +2 pair of boots of stealth for 301 gold pieces
  8226 | D:5      | Bought a scroll of identify for 28 gold pieces
  8226 | D:5      | Bought a +0 helmet for 63 gold pieces
  8357 | D:8      | Got a transparent glass ring
  8426 | D:8      | Identified the ring "Kyuxuk" {+Inv rPois rN+ MR+ SInv} (You
                  | found it on level 8 of the Dungeon)
  8653 | D:8      | Found Terirph's Gadget Emporium.
  8696 | D:8      | Bought a wand of iceblast (12) for 160 gold pieces
  8696 | D:8      | Bought a wand of digging (2) for 120 gold pieces
  8696 | D:8      | Bought a tin of tremorstones for 150 gold pieces
  9073 | D:9      | Noticed a two-headed ogre
  9119 | D:9      | Killed a two-headed ogre
  9435 | D:9      | Reached XP level 11. HP: 81/84 MP: 22/22
  9828 | D:9      | Found a staircase to the Lair.
 10089 | D:10     | Entered Level 10 of the Dungeon
 10190 | D:10     | Noticed an unseen horror
 10205 | D:10     | Killed an unseen horror
 10212 | D:10     | Noticed a two-headed ogre
 10213 | D:10     | Noticed a wizard
 10221 | D:10     | Killed a two-headed ogre
 10221 | D:10     | Reached skill level 8 in Spellcasting
 10221 | D:10     | Reached skill level 5 in Conjurations
 10221 | D:10     | Reached skill level 5 in Hexes
 10221 | D:10     | Reached skill level 5 in Summonings
 10221 | D:10     | Reached skill level 5 in Necromancy
 10221 | D:10     | Reached skill level 5 in Translocations
 10221 | D:10     | Reached skill level 5 in Transmutations
 10221 | D:10     | Reached skill level 5 in Fire Magic
 10221 | D:10     | Reached skill level 5 in Ice Magic
 10221 | D:10     | Reached skill level 5 in Air Magic
 10221 | D:10     | Reached skill level 5 in Earth Magic
 10221 | D:10     | Reached skill level 5 in Poison Magic
 10227 | D:10     | Killed a wizard
 10720 | D:10     | Found an ancient bone altar of Kikubaaqudgha.
 10827 | D:10     | Got a crude leather armour
 10839 | D:10     | Identified the +0 leather armour "Cicveach" {rPois Regen+
                  | rCorr Slay-3} (You found it on level 10 of the Dungeon)
 11239 | D:11     | Noticed a five-headed hydra
 11249 | D:11     | Killed a five-headed hydra
 11439 | D:11     | Noticed a seven-headed hydra
 11470 | D:11     | Learned a level 3 spell: Stone Arrow
 11475 | D:11     | Learned a level 4 spell: Cause Fear
 11478 | D:11     | Learned a level 2 spell: Passwall
 11483 | D:11     | Learned a level 4 spell: Summon Lightning Spire
 11493 | D:11     | Learned a level 2 spell: Poisonous Vapours
 11513 | D:11     | Noticed a purple ugly thing
 11540 | D:11     | Killed a purple ugly thing
 11939 | D:11     | HP: 3/86 [seven-headed hydra (7)]
 11946 | D:11     | HP: 3/86 [adder (3)]
 11957 | D:10     | Reached XP level 12. HP: 14/93 MP: 18/24
 12459 | D:12     | Found Cuumouh's Gadget Emporium.
 12487 | D:12     | Bought a lamp of fire for 600 gold pieces
 12487 | D:12     | Bought a wand of clouds (5) for 405 gold pieces
 12542 | D:11     | Killed a seven-headed hydra
 13101 | D:12     | Found Daequb's Food Boutique.
 13129 | D:12     | Got a polished leather armour
 13231 | D:12     | Found Diwkeife's Weapon Boutique.
 13377 | D:12     | Noticed a centaur warrior
 13411 | D:12     | Killed a centaur warrior
 13685 | D:12     | Found a staircase to the Orcish Mines.
 13794 | D:12     | Identified the cursed +0 leather armour of Wariness
                  | {*Corrode rPois MR+ Str+4} (You found it on level 12 of the
                  | Dungeon)
 13872 | D:13     | Reached skill level 9 in Spellcasting
 14083 | D:13     | Noticed a deep elf knight
 14090 | D:13     | Noticed a two-headed ogre
 14094 | D:13     | Killed from afar by a deep elf knight

Levels and vault maps discovered:
D:1:      minmay_arrival_up_and_down, layout_rooms
D:2:      minmay_chambers_of_ones, layout_basic, first_ration,
          hangedman_decor_points, uniq_natasha
D:3:      layout_rooms, led_sif_pool, lemuel_round_altar
D:4:      layout_basic, yredelemnul_forgotten_temple_becter, minivault_14,
          uniq_menkaure
D:5:      layout_basic, grunt_temple_overflow_open, serial_shops,
          nicolae_shop_competitors_out_of_business, shop, shop, serial_glass,
          glass_columns_b, glass_columns_a, yredelemnul_altar_generic
D:6:      layout_basic, minmay_temple_entry_glassed_door
D:7:      layout_rooms, serial_bayou, serial_bayou_pond_d,
          serial_bayou_crossing, serial_bayou_pond_d, serial_bayou_pond_e,
          uniq_harold, uniq_crazy_yiuf_cottage
D:8:      layout_cave_pools, serial_shops, shop_fountains
D:9:      layout_basic, lair_entry_dummy
D:10:     layout_rooms, basic_altar, grunt_pizzeria
D:11:     layout_gridville, nicolae_lava_and_water
D:12:     layout_roguey, erik_orc_2, serial_shops, shop, nicolae_shop_trees,
          kennysheep_little_box
D:13:     layout_cave_pools, hangedman_vaults_entry_quadrant_bands,
          disabler_island, uniq_snorg
Temple:   minmay_crystal_spiral_temple

Skill      XL: |  1  2  3  4  5  6  7  8  9 10 11 12 |
---------------+-------------------------------------+-----
Spellcasting   | 5 6 7 8 9 |  9.0
Invocations    | 1 2 3 4 5 6 7 8 |  8.0
Short Blades   | 1 2 3 4 5 6 7 |  7.3
Long Blades    | 1 2 3 4 5 6 7 |  7.3
Axes           | 1 2 3 4 5 6 7 |  7.3
Maces & Flails | 1 2 3 4 5 6 7 |  7.3
Staves         | 1 2 3 4 5 6 7 |  7.3
Slings         | 1 2 3 4 5 6 7 |  7.3
Bows           | 1 2 3 4 5 6 7 |  7.3
Crossbows      | 1 2 3 4 5 6 7 |  7.3
Throwing       | 1 2 3 4 5 6 7 |  7.3
Stealth        | 1 2 3 4 5 6 7 |  7.3
Shields        | 1 2 3 4 5 6 7 |  7.3
Unarmed Combat | 1 2 3 4 5 6 7 |  7.3
Evocations     | 1 2 3 4 5 6 7 |  7.3
Conjurations   | 1 2 3 4 5 6 |  6.1
Hexes          | 1 2 3 4 5 6 |  6.1
Summonings     | 1 2 3 4 5 6 |  6.1
Necromancy     | 1 2 3 4 5 6 |  6.1
Translocations | 1 2 3 4 5 6 |  6.1
Transmutations | 1 2 3 4 5 6 |  6.1
Fire Magic     | 1 2 3 4 5 6 |  6.1
Ice Magic      | 1 2 3 4 5 6 |  6.1
Air Magic      | 1 2 3 4 5 6 |  6.1
Earth Magic    | 1 2 3 4 5 6 |  6.1
Poison Magic   | 1 2 3 4 5 6 |  6.1
Armour         | 3 4 5 6 7 |  7.8
Fighting       | 5 6 7 8 |  8.7
Polearms       | 5 6 7 8 |  8.7
Dodging        | 5 6 7 8 |  8.7
Charms         | 6 7 8 |  8.3

Action                   |  1- 3 |  4- 6 |  7- 9 | 10-12 || total
-------------------------+-------+-------+-------+-------++-------
Melee: Spear             |   152 |    55 |       |       ||   207
       Bite              |    13 |     8 |    29 |    80 ||   130
       Short sword       |       |    69 |       |       ||    69
       Dagger            |       |     7 |   181 |   683 ||   871
       Punch             |       |       |     7 |    21 ||    28
       Unarmed           |       |       |       |    21 ||    21
 Fire: Hunting sling     |       |    55 |       |       ||    55
Throw: Boomerang         |       |       |    26 |   142 ||   168
       Throwing net      |       |       |     1 |     1 ||     2
 Cast: Infusion          |       |       |       |     6 ||     6
       Shroud of Golubri |       |       |       |    16 ||    16
       Stone Arrow       |       |       |       |     8 ||     8
       Poisonous Vapours |       |       |       |     4 ||     4
       Summon Lightning  |       |       |       |     5 ||     5
       Cause Fear        |       |       |       |     1 ||     1
       Spectral Weapon   |       |       |       |     2 ||     2
 Abil: Evoke Invisibilit |       |       |       |     3 ||     3
Evoke: Wand              |       |       |     2 |     9 ||    11
       Lamp of fire      |       |       |       |     1 ||     1
  Use: Scroll            |       |       |     7 |    13 ||    20
       Potion            |       |       |     6 |     2 ||     8
 Stab: Sleeping          |       |       |     1 |    14 ||    15
       Distracted        |       |       |       |     3 ||     3
       Invisible         |       |       |       |    16 ||    16
  Eat: Chunk             |       |     5 |     5 |       ||    10
       Ration            |       |     1 |     3 |     6 ||    10
Armor: Leather armour    |     3 |       |       |    81 ||    84
       Ring mail         |    42 |    42 |       |    64 ||   148
       Scale mail        |       |    13 |    49 |    20 ||    82
Dodge: Dodged            |   104 |   101 |   117 |   525 ||   847

Table legend:
 A = Non-vault XP
 B = Vault XP
 C = Vault XP percentage of total XP
 D = Non-vault monster count
 E = Vault monster count
 F = Vault count percentage of total count
                 A         B        C        D         E       F
            +---------+---------+-------+---------+---------+-------
      Total |   24393 |    2258 |   8.5 |     292 |      32 |   9.9
            +---------+---------+-------+---------+---------+-------
        D:1 |      53 |       0 |   0.0 |      27 |       0 |   0.0
        D:2 |     102 |      44 |  30.1 |      10 |       6 |  37.5
        D:3 |     126 |       0 |   0.0 |      32 |       0 |   0.0
        D:4 |     586 |     173 |  22.8 |       9 |       2 |  18.2
        D:5 |     225 |       0 |   0.0 |       9 |       0 |   0.0
        D:6 |    1530 |    1013 |  39.8 |      16 |       1 |   5.9
        D:7 |    1832 |      41 |   2.2 |      18 |       1 |   5.3
        D:8 |    2033 |       0 |   0.0 |      31 |       0 |   0.0
        D:9 |    2515 |       0 |   0.0 |      30 |       0 |   0.0
       D:10 |    4241 |     189 |   4.3 |      27 |       1 |   3.6
       D:11 |    4787 |       0 |   0.0 |      41 |       0 |   0.0
       D:12 |    6041 |     798 |  11.7 |      41 |      21 |  33.9
       D:13 |     322 |       0 |   0.0 |       1 |       0 |   0.0
            +---------+---------+-------+---------+---------+-------
